 Dungeon Crawl Stone Soup version 0.30-a0-368-g86fb4627a9 (webtiles) character file.

Game seed: 1934469959150615878

4022 night the Frost Mage (level 10, -4/72 HPs)
             Began as an Octopode Ice Elementalist on Nov 18, 2022.
             Was an Initiate of Gozag.
             Slain by an orc warrior
             ... wielding a +0 long sword
              (14 damage)
             ... on level 8 of the Dungeon.
             The game lasted 00:16:43 (7451 turns).

night the Frost Mage (Octopode Ice Elementalist)    Turns: 7451, Time: 00:16:44

Health: -4/72      AC:  5    Str:  7    XL:     10   Next: 23%
Magic:  18/21      EV: 13    Int: 22    God:    Gozag
Gold:   624        SH:  0    Dex: 13    Spells: 13/24 levels left

rFire   . . .      SeeInvis .    E - +7 flail of Uncomfortable Rashes {vamp, rElec rC+ rCorr}
rCold   + . .      Faith    .    (no shield)
rNeg    . . .      Spirit   .    (helmet restricted)
rPois   .          Reflect  .    (no amulet)
rElec   +          Harm     .    J - +4 ring of protection
rCorr   +          Rampage  .    L - ring of wizardry
Will    .....                    (no ring)
Stlth   +++.......               (no ring)
HPRegen 0.32/turn                (no ring)
MPRegen 0.17/turn                (no ring)
                                 (no ring)
                                 (no ring)

@: no status effects
A: almost no armour, amphibious, 8 rings, camouflage 1, gelatinous body 1,
(nimble swimmer 1), tentacles
a: Renounce Religion, Potion Petition, Call Merchant, Bribe Branch


You were on level 8 of the Dungeon.
You worshipped Gozag.
Gozag was pleased with you.
You visited 1 branch of the dungeon, and saw 8 of its levels.

You collected 1148 gold pieces.
You spent 468 gold pieces at shops.
You paid 56 gold pieces to Gozag.

Inventory:

Hand Weapons
 g - a +0 short sword
 i - a +2 dagger of protection
 p - a +0 war axe
 u - a +2 falchion of electrocution
 x - a +0 arbalest
 C - a +0 rapier
 E - the +7 flail of Uncomfortable Rashes (weapon) {vamp, rElec rC+ rCorr}
   (You found it on level 5 of the Dungeon)

   It occasionally heals its wielder for a portion of the damage dealt when it
   wounds a living foe.
   rC:        It protects you from cold.
   rElec:     It insulates you from electricity.
   rCorr:     It protects you from acid and corrosion.
Missiles
 c - 53 stones
 m - 4 poisoned darts
 z - 5 boomerangs
 P - 4 javelins
Jewellery
 J - a +4 ring of protection (left tentacle)
 L - a ring of wizardry (right tentacle)
 O - a ring of ice
Wands
 D - a wand of flame (60)
 G - a wand of charming (16)
 N - a wand of iceblast (11)
Scrolls
 b - 9 scrolls of identify {unknown}
 d - a scroll of vulnerability {unknown}
 f - a scroll of poison {unknown}
 h - 5 scrolls of teleportation {unknown}
 j - 2 scrolls of immolation {unknown}
 k - a scroll of summoning {unknown}
 s - a scroll of fear {unknown}
 t - 3 scrolls of magic mapping {unknown}
 A - 3 scrolls of enchant armour {unknown}
 B - 3 scrolls of torment {unknown}
 I - a scroll of amnesia {unknown}
 K - 2 scrolls of fog {unknown}
Potions
 a - a potion of magic
 e - 5 potions of curing
 l - 5 potions of might {unknown}
 n - 3 potions of degeneration {unknown}
 o - a potion of heal wounds {unknown}
 q - a potion of attraction {unknown}
 r - 5 potions of mutation {unknown}
 v - a potion of flight {unknown}
 w - a potion of resistance {unknown}
 F - a potion of brilliance {unknown}
 H - a potion of berserk rage {unknown}
 M - a potion of cancellation {unknown}
Miscellaneous
 y - a piece from Xom's chessboard (12/15)


   Skills:
 + Level 8.3 Fighting
 - Level 2.0 Dodging
 - Level 2.6 Stealth
 - Level 7.8 Spellcasting
 + Level 0.8 Transmutations
 - Level 9.3 Ice Magic
 + Level 0.8 Earth Magic


You had 13 spell levels left.
You knew the following spells:

 Your Spells              Type           Power      Damage    Failure   Level
a - Freeze                Ice            100%       1d10      1%          1
b - Frozen Ramparts       Ice            98%        1d15      1%          3
c - Ozocubu's Armour      Ice            49%        N/A       1%          3
d - Summon Ice Beast      Ice/Summ       29%        N/A       4%          4

Your spell library contained the following spells:

 Spells                   Type           Power      Damage    Failure   Level
 Sting                    Tmut/Pois      40%        1d5       2%          1
 Kiss of Death            Conj/Necr      32%        2d7       3%          1
 Shock                    Conj/Air       32%        1d5       3%          1
 Blink                    Tloc           16%        N/A       4%          2
 Confusing Touch          Hex            8%         N/A       9%          3
 Metabolic Englaciation   Hex/Ice        14%        N/A       12%         5
 Petrify                  Tmut/Erth      12%        N/A       21%         4
 Dispel Undead            Necr           8%         3d8       28%         4
 Manifold Assault         Tloc           8%         N/A       28%         4
 Statue Form              Tmut/Erth      8%         N/A       95%         6
 Storm Form               Tmut/Air       5%         N/A       100%        7
 Simulacrum               Ice/Necr       Unusable   N/A       N/A         6

Dungeon Overview and Level Annotations

Branches:
Dungeon (8/15)             Temple (0/1) D:5
   Lair: D:8-11

Altars:
Cheibriados
Elyvilon
Gozag
Hepliaklqana
Makhleb
Ru
Sif Muna
Trog
Uskayaw
Vehumet
Wu Jian
Xom

Shops:
D:5 :   D:6 =   D:7 *


Innate Abilities, Weirdness & Mutations

You cannot wear most types of armour.
You are amphibious.
You can wear up to eight rings at the same time.
Your skin changes colour to match your surroundings (Stealth+).
Your rubbery body absorbs attacks. (AC +1, EV +1)
((You are camouflaged when in or above water. (Stealth+)))
You have tentacles for arms and can constrict up to eight enemies at once.


Message History

Beogh smites you!
The orc warrior hits you with a +0 long sword.
You sock the orc warrior!
You feel better.
Your grab misses the orc warrior.
The orc warrior is moderately wounded.
The orc priest hits something but does no damage.
The orc priest mumbles some strange prayers to Beogh against you.
Beogh smites you!
You hear a shout!
Casting: Summon Ice Beast (dangerous; 4% risk of failure)
Confirm with . or Enter, or press ? or * to list all spells.
Aiming: Freeze (safe; 1% risk of failure)
Press: ? - help, Shift-Dir - straight line, f - orc warrior
Aim: an orc warrior, wielding a +0 long sword and wearing a +0 chain mail (moderately wounded)
You freeze the orc warrior.
The orc warrior is heavily wounded.
The orc priest hits something with a +0 falchion.
An orc comes into view. It is wielding a +0 short sword.
The orc warrior hits you with a +0 long sword!
* * * LOW HITPOINT WARNING * * *
Casting: Freeze (safe; 1% risk of failure)
Confirm with . or Enter, or press ? or * to list all spells.
Aiming: Freeze (safe; 1% risk of failure)
Press: ? - help, Shift-Dir - straight line, f/p - orc warrior
Aim: an orc warrior, wielding a +0 long sword and wearing a +0 chain mail (heavily wounded)
You freeze the orc warrior.
The orc warrior is severely wounded.
The orc warrior barely misses you.
The orc priest hits you with a +0 dagger.
* * * LOW HITPOINT WARNING * * *
Casting: Freeze (safe; 1% risk of failure)
Confirm with . or Enter, or press ? or * to list all spells.
Aiming: Freeze (safe; 1% risk of failure)
Press: ? - help, Shift-Dir - straight line, f/p - orc warrior
Aim: an orc warrior, wielding a +0 long sword and wearing a +0 chain mail (severely wounded)
You freeze the orc warrior.
The orc warrior is severely wounded.
The orc priest hits the bush but does no damage.
The orc warrior hits you with a +0 long sword!
You die...
Your body crumbles into a pile of gold.

#.#.#.#.#.#.#.#.#.#.#.
#
#.#.~~..♣♣♣..~~.#.#.#
# #..~~......P~~#.# #
#.#..P.♣♣.♣♣PP..#.
#.#..♣♣..P♣♣.P#.#
..#.♣.♣P...P♣.♣.#.
....#♣...._....♣ ...#
♣.♣.$..P♣. ....
#P.♣♣@o.♣♣ #+#
#..PP♣♣o♣♣ #.#~~P


Poo #.#.~~. ♣♣..~ #:#.#.#. #.#.# .# #.# #.#. $#.# #. You could see an orc
warrior, 2 orc priests and an orc.

Vanquished Creatures
  Maggie (D:7)
  Grinder (D:5)
  Prince Ribbit (D:5)
  Eustachio (D:5)
  A steam dragon (D:7)
  Edmund (D:5)
  2 water moccasins
  Duvessa (D:5)
  3 orc warriors
  A black bear (D:6)
  An ice beast (D:5)
  2 centaurs (D:6)
  3 ogres
  A phantom (D:5)
  A bullfrog (D:6)
  3 scorpions
  3 necrophages
  3 wights (D:8)
  Dowan (D:5)
  7 hounds
  3 orc priests
  2 gnoll boudas
  3 iguanas
  Terence (D:3)
  8 orc wizards
  6 adders
  6 gnolls
  2 shadow imps
  2 white imps
  An ufetubus (D:5)
  A worm (D:2)
  A dart slug (D:4)
  19 orcs
  5 endoplasms
  4 giant cockroaches
  6 goblins
  2 hobgoblins
  15 jackals
  4 quokkas
  4 ball pythons
  4 bats
  A frilled lizard (D:1)
  4 kobolds
  3 rats
  2 butterflies (D:4)
147 creatures vanquished.

Vanquished Creatures (collateral kills)
  A necrophage (D:5)
  A wight (D:8)
  An iguana (D:5)
  4 gnolls (D:5)
  A white imp (D:7)
  An orc (D:7)
9 creatures vanquished.

Vanquished Creatures (others)
  2 plants (D:1)
2 creatures vanquished.

Grand Total: 158 creatures vanquished

Notes
Turn   | Place    | Note
-------+----------+-------------------------------------------
     0 | D:1      | night the Octopode Ice Elementalist began the quest for the
                  | Orb.
     0 | D:1      | Reached XP level 1. HP: 11/11 MP: 3/3
   180 | D:1      | Reached XP level 2. HP: 18/18 MP: 5/5
   388 | D:1      | Reached skill level 1 in Fighting
  1022 | D:2      | Reached XP level 3. HP: 23/23 MP: 6/6
  1030 | D:2      | Learned a level 3 spell: Frozen Ramparts
  1238 | D:2      | Found a shimmering altar of Xom.
  1478 | D:3      | HP: 3/24 [something/puff of flame (8)]
  1481 | D:3      | Reached skill level 2 in Fighting
  1481 | D:3      | Reached XP level 4. HP: 6/29 MP: 2/8
  1566 | D:3      | Learned a level 3 spell: Ozocubu's Armour
  1619 | D:3      | Found a burning altar of Makhleb.
  2020 | D:3      | Noticed Terence
  2044 | D:3      | Killed Terence
  2426 | D:3      | Found a sacrificial altar of Ru.
  2454 | D:3      | Found a radiant altar of Vehumet.
  2456 | D:3      | Reached XP level 5. HP: 35/35 MP: 9/9
  2593 | D:4      | Found a shimmering altar of Xom.
  2645 | D:4      | Reached skill level 5 in Ice Magic
  2753 | D:4      | Found an opulent altar of Gozag.
  2766 | D:4      | Became a worshipper of Gozag Ym Sagoz the Greedy
  2828 | D:4      | Reached XP level 6. HP: 42/42 MP: 11/11
  2997 | D:4      | You fall into a shaft and drop 1 floor!
  2997 | D:5      | Entered Level 5 of the Dungeon
  3285 | D:5      | Noticed a +0 hand axe
  3285 | D:5      | Noticed a +0 hand axe
  3347 | D:5      | Found a hide-covered altar of Uskayaw.
  3365 | D:5      | Found Ekehohonn's Book Boutique.
  3577 | D:5      | Reached XP level 7. HP: 47/47 MP: 8/13
  3784 | D:5      | Noticed Prince Ribbit
  3789 | D:5      | Found a staircase to the Ecumenical Temple.
  3801 | D:5      | Killed Prince Ribbit
  3802 | D:5      | Reached skill level 6 in Ice Magic
  3809 | D:5      | Learned a level 4 spell: Summon Ice Beast
  3938 | D:5      | Identified the +7 flail of Uncomfortable Rashes {vamp,
                  | rElec rC+ rCorr}
  3945 | D:5      | Noticed Eustachio
  3953 | D:5      | Killed Eustachio
  3954 | D:5      | Reached XP level 8. HP: 40/54 MP: 8/15
  3956 | D:5      | Reached skill level 5 in Fighting
  3956 | D:5      | Reached skill level 5 in Spellcasting
  4094 | D:5      | Noticed Edmund
  4103 | D:5      | Killed Edmund
  4176 | D:5      | Noticed Grinder
  4193 | D:5      | Killed Grinder
  4194 | D:5      | Reached skill level 7 in Ice Magic
  4517 | D:5      | Reached XP level 9. HP: 57/63 MP: 5/18
  4827 | D:5      | Noticed Dowan
  4828 | D:5      | Noticed Duvessa
  4831 | D:5      | Killed Dowan
  4833 | D:5      | Killed Duvessa
  4842 | D:5      | Reached skill level 8 in Ice Magic
  5307 | D:6      | Found Zoetitto's Jewellery Shop.
  5315 | D:6      | Bought a +4 ring of protection for 468 gold pieces
  5760 | D:6      | Found a bloodstained altar of Trog.
  5849 | D:6      | Found a shimmering blue altar of Sif Muna.
  5877 | D:6      | Got Sif Muna's Monograph on the Transmuted Nimbus
  6037 | D:6      | Found a hazy altar of Hepliaklqana.
  6584 | D:7      | Reached skill level 9 in Ice Magic
  6584 | D:7      | Reached XP level 10. HP: 36/72 MP: 21/21
  6717 | D:7      | Found an ornate altar of the Wu Jian Council.
  6755 | D:7      | Found a bloodstained altar of Trog.
  7060 | D:7      | Noticed Maggie
  7069 | D:7      | Killed Maggie
  7204 | D:7      | Found Namonn's General Store.
  7426 | D:8      | Found a snail-covered altar of Cheibriados.
  7441 | D:8      | Found a white marble altar of Elyvilon.
  7450 | D:8      | HP: 10/72 [orc priest/+0 dagger (5)]
  7451 | D:8      | Slain by an orc warrior

Illustrated notes

Levels and vault maps discovered:
D:1:      dpeg_arrival_water_temple_mockup, layout_basic,
          chequers_serial_rivers_large_b, roderic_filled_cross,
          serial_bayou_lagoon_a, grunt_decor_junction
D:2:      layout_rooms, basic_altar
D:3:      layout_basic, bloody_makhleb, old_standard_altar, lemuel_doored_altar,
          nicolae_underground_beach, uniq_terence
D:4:      layout_basic, xom_butterflies, kennysheep_little_box
D:5:      cheibrodos_barr_body, layout_gridville, dancing_weapons_uskayaw,
          temple_doors_e, serial_shops, nicolae_shop_advertising_works
          [nicolae_subvault_shop_adworks],
          nicolae_concentric_dashed_squares_mild, uniq_grinder, uniq_edmund,
          uniq_prince_ribbit1, uniq_eustachio, uniq_duvessa
D:6:      layout_basic, nzn_overflow_gifts_of_might_and_magic,
          amcnicky_altar_gilded, serial_shops, nicolae_shop_crystal,
          minmay_diced_spiral
D:7:      layout_gridville, general_overflow_altar, serial_shops,
          nicolae_shop_trees, kennysheep_diamond, minmay_misc_feat_diagonals,
          uniq_maggie
D:8:      layout_basic, mainiacjoe_overflow_small_starburst,
          nicolae_elyvilon_peaceful_grove, uniq_maurice

Skill      XL: |  1  2  3  4  5  6  7  8  9 10 |
---------------+-------------------------------+-----
Fighting       | 1 2 3 4 6 7 8 |  8.3
Spellcasting   | 3 4 6 7 |  7.8
Ice Magic      | 5 6 7 9 |  9.3
Dodging        | |  2.0
Stealth        | |  2.6
Transmutations | |  0.8
Earth Magic    | |  0.8

Action                   |  1- 3 |  4- 6 |  7- 9 | 10-12 || total
-------------------------+-------+-------+-------+-------++-------
Melee: Unarmed           |     9 |       |       |       ||     9
       Short sword       |     5 |       |       |       ||     5
       Tentacles         |     8 |    16 |    23 |     6 ||    53
       Constrict         |    11 |    15 |    26 |     3 ||    55
       Dagger            |    31 |       |       |       ||    31
       War axe           |     6 |    18 |       |       ||    24
       Falchion          |       |    31 |     6 |       ||    37
       Punch             |       |     1 |     4 |       ||     5
       Flail             |       |       |    86 |    17 ||   103
Throw: Dart              |       |     5 |       |       ||     5
 Cast: Freeze            |    13 |     8 |    15 |     9 ||    45
       Frozen Ramparts   |     3 |    18 |    23 |     5 ||    49
       Ozocubu's Armour  |       |     2 |     7 |     2 ||    11
       Summon Ice Beast  |       |       |     7 |     5 ||    12
Evoke: Piece from Xom's  |       |       |     2 |     3 ||     5
  Use: Potion            |     1 |       |       |       ||     1
 Stab: Sleeping          |     9 |     2 |     3 |       ||    14
Armor: Skin              |    11 |     3 |    30 |     8 ||    52
Dodge: Dodged            |    30 |    49 |   115 |    35 ||   229

Table legend: (Time is in decaauts)
 A = Elapsed time spent in this place.
 B = Non-inter-level travel time spent in this place.
 C = Inter-level travel time spent in this place.
 D = Time resting spent in this place.
 E = Time spent auto-exploring this place.
 F = Levels seen in this place.
 G = Mean time per level.
                   A        B        C        D        E       F      G
               +--------+--------+--------+--------+--------+-----+--------+
         Total |   7510 |   7375 |    135 |    283 |   5832 |   8 |  938.8 |
       Dungeon |   7510 |   7375 |    135 |    283 |   5832 |   8 |  938.8 |
               +--------+--------+--------+--------+--------+-----+--------+

Top non-repeatable levels by time:
     D:5: 1870 daAuts
     D:6: 1171 daAuts
     D:3: 1138 daAuts
     D:1: 1013 daAuts
     D:7: 990 daAuts
     D:4: 665 daAuts
     D:2: 436 daAuts
     D:8: 223 daAuts
